 Dungeon Crawl Stone Soup version 0.29.1-4-g47bece8355 (webtiles) character file.

Game seed: 7123606595570436274

61 trench the Insei (level 4, -10/34 HPs)
             Began as a Gnoll Transmuter on Dec 6, 2022.
             Killed by divine providence
             ... invoked by an orc priest
              (15 damage)
             ... on level 2 of the Dungeon.
             The game lasted 00:06:34 (1003 turns).

trench the Insei (Gnoll Transmuter)                 Turns: 1003, Time: 00:06:35

Health: -10/34     AC:  9    Str: 11    XL:     4   Next: 7%
Magic:  9/11       EV: 11    Int: 12    God:
Gold:   51         SH:  0    Dex: 13    Spells: 10/13 levels left

rFire   . . .      SeeInvis +   e - +0 mace
rCold   . . .      Faith    .   (no shield)
rNeg    . . .      Spirit   .   o - +4 ring mail of Unambiguity {SInv}
rPois   .          Reflect  .   (no helmet)
rElec   .          Harm     .   (no cloak)
rCorr   .          Rampage  .   (no gloves)
Will    .....                   (no boots)
Stlth   +.........              (no amulet)
HPRegen 0.11/turn               (no ring)
MPRegen 0.12/turn               (no ring)

@: wereblooded
A: fangs 1, strong nose, distributed training
a: no special abilities


You were on level 2 of the Dungeon.
You visited 1 branch of the dungeon, and saw 2 of its levels.

You collected 59 gold pieces.
You spent 8 gold pieces at shops.

Inventory:

Hand Weapons
 e - a +0 mace (weapon)
Missiles
 n - 2 datura-tipped darts
Armour
 a - a +0 robe
 k - a scarf of invisibility
 l - a +0 leather armour
 o - the +4 ring mail of Unambiguity (worn) {SInv}
   (You found it on level 2 of the Dungeon)

   SInv:      It lets you see invisible.
Scrolls
 c - 2 scrolls of teleportation {unknown}
 d - a scroll of vulnerability {unknown}
 f - a scroll of blinking {unknown}
 h - a scroll of enchant weapon {unknown}
 j - a scroll of identify {unknown}
Potions
 b - a potion of lignification
 g - 2 potions of curing
 i - a potion of heal wounds {unknown}
 m - a potion of berserk rage {unknown}


   Skills:
 + Level 2.7 Fighting
 + Level 1.0 Short Blades
 + Level 1.0 Long Blades
 + Level 1.0 Axes
 + Level 1.0 Maces & Flails
 + Level 1.0 Polearms
 + Level 1.0 Staves
 + Level 1.0 Ranged Weapons
 + Level 1.0 Throwing
 + Level 1.0 Armour
 + Level 4.6 Dodging
 + Level 1.0 Stealth
 + Level 1.0 Shields
 + Level 6.6 Unarmed Combat
 + Level 5.0 Spellcasting
 + Level 0.8 Conjurations
 + Level 0.8 Hexes
 + Level 0.8 Summonings
 + Level 0.8 Necromancy
 + Level 0.8 Translocations
 + Level 3.8 Transmutations
 + Level 0.8 Fire Magic
 + Level 0.8 Ice Magic
 + Level 0.8 Air Magic
 + Level 0.8 Earth Magic
 + Level 0.8 Poison Magic
 + Level 1.1 Invocations
 + Level 1.0 Evocations


You had 10 spell levels left.
You knew the following spells:

 Your Spells              Type           Power      Damage    Failure   Level
a - Beastly Appendage     Tmut           24%        N/A       10%         1
b - Wereblood             Tmut           12%        N/A       14%         2

Your spell library contained the following spells:

 Spells                   Type           Power      Damage    Failure   Level
 Spider Form              Tmut/Pois      8%         N/A       47%         3
 Frozen Ramparts          Ice            10%        1d2       69%         3
 Ice Form                 Ice/Tmut       8%         N/A       87%         4
 Summon Ice Beast         Ice/Summ       5%         N/A       97%         4


Dungeon Overview and Level Annotations

Branches:
Dungeon (2/15)

Altars:

Shops:
D:1 =   D:2 *


Innate Abilities, Weirdness & Mutations

You have very sharp teeth.
Your uncanny sense of smell can sniff out nearby items.
Your experience applies equally to all skills.


Message History

Beogh smites you!
* * * LOW HITPOINT WARNING * * *
It was a potion of curing.
You feel better.
Your primal bloodlust has ended.
The orc priest hits you but does no damage.
You hit the orc priest.
The orc priest is lightly wounded.
The orc priest hits you with a +0 trident.
* * * LOW HITPOINT WARNING * * *
The orc priest barely misses you.
You hit the orc priest but do no damage.
You bite the orc priest, but do no damage.
The orc priest is lightly wounded.
The orc priest misses you.
You hit the orc priest but do no damage.
The orc priest is lightly wounded.
The orc priest hits you with a +0 trident.
* * * LOW HITPOINT WARNING * * *
You feel better.
The orc priest hits you with a +0 trident.
* * * LOW HITPOINT WARNING * * *
Casting: Wereblood (safe; 14% risk of failure)
Confirm with . or Enter, or press ? or * to list all spells.
Your blood is infused with primal strength.
The orc priest hits you with a +0 trident.
* * * LOW HITPOINT WARNING * * *
You hit the orc priest but do no damage.
The orc priest is lightly wounded.
The orc priest barely misses you.
The orc priest hits you but does no damage.
You hit the orc priest.
The orc priest is moderately wounded.
The orc priest hits you with a +0 trident.
* * * LOW HITPOINT WARNING * * *
You hit the orc priest but do no damage.
You bite the orc priest, but do no damage.
The orc priest is moderately wounded.
The orc priest calls down the wrath of Beogh upon you.
Beogh smites you!
You die...

∆ ∆ # ##..# ..
#≈.≈# ####### ...
#≈.≈# #.....# ....
#≈.≈# #.###.# .....
####≈≈≈#
#...#)##......
.##....# ###.#.@o.#
.##....# #.####.#
.##....######.### #
###...........#..
###.........#.#####
####.........#...[.
∆
##..#.........#...
.'..#.........#.#
##..#...........#


You could see an orc priest.

Vanquished Creatures
  2 adders (D:2)
  3 dart slugs (D:2)
  3 orcs (D:2)
  5 ball pythons
  5 endoplasms
  A hobgoblin (D:2)
  A quokka (D:2)
  6 bats
  A frilled lizard (D:2)
  3 goblins
  3 rats
33 creatures vanquished.

Notes
Turn   | Place    | Note
-------+----------+-------------------------------------------
     0 | D:1      | trench the Gnoll Transmuter began the quest for the Orb.
     0 | D:1      | Reached XP level 1. HP: 17/17 MP: 6/6
    84 | D:1      | Found a faded altar of an unknown god.
    98 | D:1      | Reached XP level 2. HP: 23/23 MP: 7/7
   447 | D:1      | Found Cudax's One-of-a-Kind Rings.
   646 | D:2      | Reached skill level 5 in Spellcasting
   646 | D:2      | Reached XP level 3. HP: 21/28 MP: 7/9
   753 | D:2      | Reached skill level 1 in Invocations
   764 | D:2      | Learned a level 2 spell: Wereblood
   850 | D:2      | Found Wodgh's General Store.
   855 | D:2      | Bought 2 datura-tipped darts for 8 gold pieces
   866 | D:2      | Reached skill level 1 in Short Blades
   866 | D:2      | Reached skill level 1 in Long Blades
   866 | D:2      | Reached skill level 1 in Axes
   866 | D:2      | Reached skill level 1 in Maces & Flails
   866 | D:2      | Reached skill level 1 in Polearms
   866 | D:2      | Reached skill level 1 in Staves
   866 | D:2      | Reached skill level 1 in Ranged Weapons
   866 | D:2      | Reached skill level 1 in Throwing
   866 | D:2      | Reached skill level 1 in Armour
   866 | D:2      | Reached skill level 1 in Stealth
   866 | D:2      | Reached skill level 1 in Shields
   866 | D:2      | Reached skill level 1 in Evocations
   907 | D:2      | Identified the +4 ring mail of Unambiguity {SInv}
   989 | D:2      | Reached XP level 4. HP: 24/34 MP: 8/11
  1003 | D:2      | Killed from afar by an orc priest

Illustrated notes

Levels and vault maps discovered:
D:1:      heliophobic_arrival_ceremonial_halls, layout_basic,
          nicolae_ecumenical_snake_handling, nicolae_shop_unique_rings,
          corexii_item_surrounded_by_moat, kennysheep_pointless_box,
          minmay_crystal_room
D:2:      layout_basic, serial_shops, nicolae_shop_hallway_plus, serial_rivers,
          chequers_serial_rivers_small_b, chequers_serial_rivers_micro_d,
          chequers_serial_rivers_small_a, chequers_serial_rivers_micro_b,
          chequers_serial_rivers_large_b, minmay_fractal_squares_5

Skill      XL: |  1  2  3 |
---------------+----------+-----
Spellcasting   | 5 |  5.0
Invocations    | 1 |  1.1
Short Blades   | 1 |  1.0
Long Blades    | 1 |  1.0
Axes           | 1 |  1.0
Maces & Flails | 1 |  1.0
Polearms       | 1 |  1.0
Staves         | 1 |  1.0
Ranged Weapons | 1 |  1.0
Throwing       | 1 |  1.0
Armour         | 1 |  1.0
Stealth        | 1 |  1.0
Shields        | 1 |  1.0
Evocations     | 1 |  1.0
Fighting       | |  2.7
Dodging        | |  4.6
Unarmed Combat | |  6.6
Conjurations   | |  0.8
Hexes          | |  0.8
Summonings     | |  0.8
Necromancy     | |  0.8
Translocations | |  0.8
Transmutations | |  3.8
Fire Magic     | |  0.8
Ice Magic      | |  0.8
Air Magic      | |  0.8
Earth Magic    | |  0.8
Poison Magic   | |  0.8

Action                   |  1- 3 |  4- 6 || total
-------------------------+-------+-------++-------
Melee: Mace              |    78 |    11 ||    89
       Kick              |    13 |     1 ||    14
       Unarmed           |     3 |       ||     3
       Bite              |     9 |     3 ||    12
       Headbutt          |     6 |       ||     6
 Cast: Beastly Appendage |    12 |       ||    12
       Wereblood         |     4 |     1 ||     5
  Use: Potion            |       |     2 ||     2
 Stab: Sleeping          |     2 |       ||     2
Armor: Robe              |     8 |       ||     8
       Leather armour    |    12 |       ||    12
       Ring mail         |     6 |     4 ||    10
Dodge: Dodged            |    98 |     6 ||   104
